[Event "January 2 Early 2024"]
[Site "https://www.chess.com"]
[Date "2024.01.02"]
[Round "2"]
[White "Bueno, Alfeu Junior Varela"]
[Black "Petre, Nad-Titus"]
[Result "1-0"]
[Board "164"]
[TimeControl "180+1"]
[WhiteFideId "2108879"]
[BlackFideId "1204165"]
[WhiteElo "2336"]
[BlackElo "2573"]
[WhiteTeam "BRA"]
[BlackTeam "ROU"]
[WhiteClock "0:00:04"]
[BlackClock "0:00:00"]

1. e4 c5 2. Nc3 Nc6 3. f4 g6 4. Nf3 Bg7 5. Bb5 Nd4 6. O-O Nh6 7. d3 Nxb5 8. Nxb5 f5 9. Ng5 O-O 10. Qe1 a6 11. Nc3 e6 12. Qh4 b5 13. Be3 d6 14. Rae1 Ra7 15. Re2 Re7 16. Rfe1 Rfe8 17. Bf2 Bb7 18. exf5 exf5 19. Ne6 Rxe6 20. Rxe6 Rf8 21. Qxd8 Rxd8 22. Re8+ Rxe8 23. Rxe8+ Kf7 24. Rb8 Bc6 25. Rb6 Be8 26. Rxd6 b4 27. Nd1 Bf8 28. Rxa6 Ng4 29. h3 Nxf2 30. Kxf2 Bg7 31. Ra7+ Kf8 32. Ke2 Bf6 33. a4 bxa3 34. bxa3 g5 35. fxg5 Bh5+ 36. g4 fxg4 37. gxf6 gxh3+ 38. Kf2 Bxd1 39. Rxh7 Bg4 40. Kg3 Bf5 41. Rxh3 c4 42. dxc4 Bxc2 43. Rh6 Kf7 44. Kf4 Bb3 45. c5 Ba4 46. Ke5 Bc6 47. Kd6 Be4 48. c6 Bf5 49. a4 Bc8 50. a5 Ba6 51. c7 Kf8 52. c8=Q+ Kf7 53. Qd7+ 1-0

[Event "January 2 Early 2024"]
[Site "https://www.chess.com"]
[Date "2024.01.02"]
[Round "2"]
[White "Gao, Raymond"]
[Black "Lund, Gunnar"]
[Result "0-1"]
[Board "165"]
[TimeControl "180+1"]
[WhiteFideId "2629429"]
[BlackFideId "1520814"]
[WhiteElo "2335"]
[BlackElo "2571"]
[WhiteTeam "CAN"]
[BlackTeam "NOR"]
[WhiteClock "0:00:48"]
[BlackClock "0:00:13"]

1. e4 e6 2. d4 d5 3. Nd2 Nf6 4. e5 Nfd7 5. Bd3 c5 6. c3 Nc6 7. Ndf3 f6 8. Bf4 cxd4 9. cxd4 Bb4+ 10. Kf1 O-O 11. Bg3 fxe5 12. Nxe5 Ndxe5 13. dxe5 Qe8 14. Nf3 Bd7 15. Kg1 Rc8 16. h4 h6 17. Bc2 Ne7 18. Qd3 Nf5 19. h5 a6 20. Rc1 Bb5 21. Qd1 Bc5 22. Rh3 Nxg3 23. Rxg3 Qxh5 24. a4 Be8 25. Qd3 Qf5 26. Qd2 Qf4 27. Qd3 Qxc1+ 28. Kh2 Rf5 29. Nh4 Bxf2 30. Nxf5 Bxg3+ 31. Nxg3 Qxc2 32. Qf3 Bg6 33. Qg4 Bf5 34. Qh4 Rf8 35. Qe7 Qd2 36. Qxb7 Qg5 37. Qb3 Be4 38. Qc3 Rf2 39. Qc8+ Kh7 0-1

[Event "January 2 Early 2024"]
[Site "https://www.chess.com"]
[Date "2024.01.02"]
[Round "2"]
[White "Khamdamova, Afruza"]
[Black "Andersson, Bjorn 1960"]
[Result "0-1"]
[Board "166"]
[TimeControl "180+1"]
[WhiteFideId "14210444"]
[BlackFideId "1700545"]
[WhiteElo "2570"]
[BlackElo "2333"]
[WhiteTeam "UZB"]
[BlackTeam "SWE"]
[WhiteClock "0:00:00"]
[BlackClock "0:00:41"]

1. e4 e6 2. d4 d5 3. Nd2 Be7 4. Ngf3 Nf6 5. e5 Nfd7 6. Bd3 c5 7. c3 Nc6 8. O-O g5 9. dxc5 Ndxe5 10. Nxe5 Nxe5 11. Bb5+ Bd7 12. Bxd7+ Qxd7 13. Nb3 Ng6 14. Be3 e5 15. Qc2 O-O 16. Rad1 Qe6 17. Rfe1 Rad8 18. Bc1 f6 19. Nd4 Qd7 20. Nf5 Bxc5 21. b4 Bb6 22. c4 Rc8 23. c5 Bc7 24. Qb3 Rcd8 25. Ne3 Ne7 26. Rd2 Kh8 27. Red1 d4 28. Nc4 Qe6 29. Rd3 b6 30. cxb6 axb6 31. Qc2 Rc8 32. Rh3 Qf5 33. Qe2 Qg6 34. b5 Nd5 35. a4 Nc3 36. Rxc3 dxc3 37. Ba3 Rfd8 38. Rc1 c2 39. Rxc2 Qd3 0-1

[Event "January 2 Early 2024"]
[Site "https://www.chess.com"]
[Date "2024.01.02"]
[Round "2"]
[White "Lima, Artur Tin Lun Dai"]
[Black "Van Dael, Siem"]
[Result "1-0"]
[Board "167"]
[TimeControl "180+1"]
[WhiteFideId "22773150"]
[BlackFideId "1049771"]
[WhiteElo "2333"]
[BlackElo "2566"]
[WhiteTeam "BRA"]
[BlackTeam "NED"]
[WhiteClock "0:00:14"]
[BlackClock "0:00:00"]

1. d4 Nf6 2. c4 g6 3. Nf3 Bg7 4. Nc3 d6 5. g3 O-O 6. Bg2 c5 7. O-O Nc6 8. dxc5 dxc5 9. Bf4 Nh5 10. Be3 b6 11. Qa4 Bb7 12. Rad1 Qc8 13. h4 Nd4 14. Nxd4 Bxg2 15. Kxg2 cxd4 16. Bxd4 e5 17. Nd5 Qg4 18. Bc3 f5 19. Qc2 Rad8 20. b3 Rxd5 21. Rxd5 Nf4+ 22. Kg1 Nxd5 23. cxd5 f4 24. Qe4 h5 25. d6 f3 26. exf3 Qxf3 27. Qc4+ Kh7 28. d7 Bf6 29. Bb4 Rd8 30. Qf7+ 1-0

[Event "January 2 Early 2024"]
[Site "https://www.chess.com"]
[Date "2024.01.02"]
[Round "2"]
[White "Volkov, Sergei"]
[Black "Pavlidou, Ekaterini"]
[Result "0-1"]
[Board "168"]
[TimeControl "180+1"]
[WhiteFideId "4176588"]
[BlackFideId "4213262"]
[WhiteElo "2564"]
[BlackElo "2333"]
[WhiteTeam "RUS"]
[BlackTeam "GRE"]
[WhiteClock "0:00:00"]
[BlackClock "0:00:12"]

1. d4 Nf6 2. Nf3 e6 3. Bf4 c5 4. e3 d5 5. c3 Nc6 6. Nbd2 cxd4 7. exd4 Nh5 8. Be3 Qc7 9. g3 f5 10. Ne5 Nf6 11. f4 Bd7 12. Bg2 Bd6 13. O-O Ne7 14. Ndf3 Ne4 15. Nxd7 Qxd7 16. Ne5 Bxe5 17. dxe5 Nc6 18. Qe2 O-O 19. Rad1 Qc7 20. c4 Ne7 21. cxd5 exd5 22. Rc1 Qa5 23. a3 Rfc8 24. Qd3 Rc6 25. b4 Qc7 26. b5 Rc4 27. Rxc4 dxc4 28. Qc2 Nd5 29. Bd4 Rd8 30. Bxe4 fxe4 31. Qxe4 b6 32. e6 Nf6 33. Bxf6 gxf6 34. e7 Qc5+ 35. Kg2 Re8 36. Re1 c3 37. Qe6+ Kg7 38. Qd7 Kf7 39. Qe6+ Kg7 40. Qg4+ Kh8 41. Qd7 c2 0-1

[Event "January 2 Early 2024"]
[Site "https://www.chess.com"]
[Date "2024.01.02"]
[Round "2"]
[White "Larina, Maria"]
[Black "Womacka, Mathias"]
[Result "0-1"]
[Board "169"]
[TimeControl "180+1"]
[WhiteFideId "24113182"]
[BlackFideId "4611390"]
[WhiteElo "2331"]
[BlackElo "2545"]
[WhiteTeam "FID"]
[BlackTeam "GER"]
[WhiteClock "0:00:00"]
[BlackClock "0:00:33"]

1. e4 c5 2. Nc3 Nc6 3. g3 g6 4. Bg2 Bg7 5. d3 d6 6. h3 e5 7. Nf3 Nge7 8. O-O O-O 9. Nh4 Be6 10. f4 Qd7 11. Kh2 exf4 12. gxf4 d5 13. e5 f6 14. exf6 Bxf6 15. Nf3 Nf5 16. Qe1 Rae8 17. Qf2 Ncd4 18. Nxd4 Bxd4 19. Qf3 Nh4 20. Qg3 Nxg2 21. Qxg2 Bg7 22. Bd2 Bxc3 23. bxc3 Bxh3 24. Qxh3 Re2+ 25. Kg3 Qxh3+ 26. Kxh3 Rxd2 27. Rac1 Kg7 28. Kg4 Re8 29. Rh1 Ree2 0-1

[Event "January 2 Early 2024"]
[Site "https://www.chess.com"]
[Date "2024.01.02"]
[Round "2"]
[White "Rodchenkov, Sergey D."]
[Black "Lira, Suan Bruno Fernandes"]
[Result "0-1"]
[Board "170"]
[TimeControl "180+1"]
[WhiteFideId "4168712"]
[BlackFideId "22794620"]
[WhiteElo "2540"]
[BlackElo "2331"]
[WhiteTeam "RUS"]
[BlackTeam "BRA"]
[WhiteClock "0:02:53"]
[BlackClock "0:01:31"]

1. e4 c6 2. d4 d5 3. exd5 cxd5 4. Bd3 Nc6 5. c3 Nf6 6. h3 e5 7. dxe5 Nxe5 8. Nf3 Nxd3+ 9. Qxd3 h6 10. O-O Be7 11. Rd1 O-O 12. Be3 Be6 13. Nbd2 a6 14. Nd4 Qd7 15. N2f3 Ne4 16. Ne5 Qc7 17. f4 Bd6 18. Ndf3 f6 19. f5 Bxf5 20. Qxd5+ Kh8 21. Nc4 Be5 22. Ncxe5 fxe5 23. Nxe5 Rad8 24. Qb3 Qxe5 0-1

[Event "January 2 Early 2024"]
[Site "https://www.chess.com"]
[Date "2024.01.02"]
[Round "2"]
[White "Jeran, Bostjan"]
[Black "Dushyant Sharma"]
[Result "1-0"]
[Board "171"]
[TimeControl "180+1"]
[WhiteFideId "14604612"]
[BlackFideId "25065130"]
[WhiteElo "2330"]
[BlackElo "2535"]
[WhiteTeam "SLO"]
[BlackTeam "IND"]
[WhiteClock "0:00:19"]
[BlackClock "0:00:06"]

1. g3 d5 2. Bg2 e6 3. Nf3 Nf6 4. O-O Be7 5. c4 O-O 6. b3 c5 7. e3 Nc6 8. Bb2 b6 9. d3 Bb7 10. Qe2 Rc8 11. a3 a6 12. Nbd2 b5 13. Rfc1 Qb6 14. Rab1 Rfd8 15. h3 bxc4 16. bxc4 Qa7 17. Bc3 Ba8 18. Rb3 d4 19. exd4 cxd4 20. Bb4 Nxb4 21. axb4 Rb8 22. Rcb1 h6 23. Ne5 Bxg2 24. Kxg2 Qc7 25. b5 axb5 26. cxb5 Rb7 27. b6 Qc8 28. Ndc4 Nd5 29. R1b2 f6 30. Nf3 e5 31. Nh4 Nc3 32. Qf3 e4 33. Qf5 Rdd7 34. Ng6 Qe8 35. Na5 Rb8 36. Nc6 Rbb7 37. Ncxe7+ Rxe7 38. Nxe7+ Rxe7 39. b7 Qb8 40. dxe4 Nxe4 41. Qc8+ Re8 42. Qxb8 Rxb8 43. Rc2 Nd6 44. Rc7 d3 45. Rd7 Ne4 46. Rb4 Nc5 47. Rc7 Na6 48. Rc8+ Kf7 49. Rxb8 Nxb8 50. Rd4 Ke6 51. Rxd3 g5 52. Rd8 Nc6 53. b8=Q Nxb8 54. Rxb8 Kf5 55. Rh8 Kg6 56. Ra8 Kh5 57. Ra4 f5 58. g4+ fxg4 59. hxg4+ Kh4 60. Kf3 h5 61. gxh5+ Kxh5 62. Kg3 Kh6 63. Kg4 1-0

[Event "January 2 Early 2024"]
[Site "https://www.chess.com"]
[Date "2024.01.02"]
[Round "2"]
[White "Santos Flores, Alberto"]
[Black "Preobrazhenskaya, Diana"]
[Result "0-1"]
[Board "172"]
[TimeControl "180+1"]
[WhiteFideId "3601234"]
[BlackFideId "34270566"]
[WhiteElo "2532"]
[BlackElo "2329"]
[WhiteTeam "ECU"]
[BlackTeam "FID"]
[WhiteClock "0:01:11"]
[BlackClock "0:00:03"]

1. e4 c5 2. Nf3 d6 3. d4 cxd4 4. Nxd4 Nf6 5. Nc3 a6 6. Be3 e5 7. Nb3 Be6 8. f3 h5 9. Qd2 Nbd7 10. Be2 Be7 11. O-O O-O 12. Nd5 Nxd5 13. exd5 Bf5 14. f4 exf4 15. Bxf4 Bg6 16. Nd4 Nf6 17. Bf3 Re8 18. Kh1 Ne4 19. Qd1 Bf6 20. c3 h4 21. h3 Be5 22. Bxe4 Bxe4 23. Qg4 Bxd4 24. cxd4 Bxd5 25. Bh6 g6 26. Bg5 Qc8 27. Qxh4 Re4 28. Qh6 Qf8 29. Qxf8+ Rxf8 30. Rae1 Rxd4 31. Rd1 Rxd1 32. Rxd1 Bxa2 33. Rxd6 Rc8 34. Bf6 Be6 35. Kh2 a5 36. Rb6 Rc7 37. Rb5 a4 38. Ra5 Rc4 39. Rxa4 Rxa4 0-1

[Event "January 2 Early 2024"]
[Site "https://www.chess.com"]
[Date "2024.01.02"]
[Round "2"]
[White "Dahl, Trygve"]
[Black "Rangel, Daniel"]
[Result "0-1"]
[Board "173"]
[TimeControl "180+1"]
[WhiteFideId "1513427"]
[BlackFideId "2124475"]
[WhiteElo "2328"]
[BlackElo "2531"]
[WhiteTeam "NOR"]
[BlackTeam "BRA"]
[WhiteClock "0:00:00"]
[BlackClock "0:00:14"]

1. Nf3 Nf6 2. d4 e6 3. g3 d5 4. Bg2 Be7 5. O-O O-O 6. b3 a5 7. a4 c6 8. Bb2 Ne4 9. Nbd2 f5 10. c4 Nd7 11. Rc1 Bb4 12. Qc2 g5 13. Nxe4 fxe4 14. Ne5 Nxe5 15. dxe5 Bd7 16. Rcd1 Qe7 17. e3 Be8 18. f4 exf3 19. Bxf3 Bg6 20. Qe2 Rf7 21. Rf2 Raf8 22. Rdf1 Bc5 23. Bd4 Kg7 24. Qd2 Bb4 25. Qe2 Bc5 26. Qd2 b6 27. cxd5 cxd5 28. Bg2 Rxf2 29. Rxf2 Rxf2 30. Qxf2 Qf7 31. Bf1 Qxf2+ 32. Kxf2 Bc2 33. Bb5 Bxb3 34. Bd7 Kf7 35. Bb5 h5 36. h3 Bc4 37. Bc6 Bd3 38. Bd7 Bf5 39. h4 gxh4 40. gxh4 Bg4 41. Bb5 Kg6 42. Kg3 Bf5 43. Be8+ Kh6 44. Kf4 Bg6 45. Bd7 Bf7 46. Bc6 Kg6 47. Bb5 Kg7 0-1

[Event "January 2 Early 2024"]
[Site "https://www.chess.com"]
[Date "2024.01.02"]
[Round "2"]
[White "Tuleyeva-Aketayeva, Dana"]
[Black "Novikov, Evgenij"]
[Result "0-1"]
[Board "174"]
[TimeControl "180+1"]
[WhiteFideId "13701932"]
[BlackFideId "4125380"]
[WhiteElo "2324"]
[BlackElo "2530"]
[WhiteTeam "KAZ"]
[BlackTeam "RUS"]
[WhiteClock "0:00:04"]
[BlackClock "0:00:05"]

1. d4 Nf6 2. Nf3 b5 3. g3 Bb7 4. Bg2 e6 5. O-O Be7 6. a4 b4 7. c4 O-O 8. a5 a6 9. Nbd2 d6 10. Nb3 Nbd7 11. Bd2 Rb8 12. Re1 Ne4 13. Qc2 Nxd2 14. Qxd2 Nf6 15. Nh4 Ne4 16. Qc2 f5 17. Nf3 Bf6 18. Nfd2 Nxd2 19. Qxd2 Bxg2 20. Kxg2 Qd7 21. Kg1 e5 22. e3 Qc6 23. Qc2 Qf3 24. Qe2 Qe4 25. d5 f4 26. exf4 Qg6 27. Qe4 Qxe4 28. Rxe4 exf4 29. Rxf4 Bxb2 30. Rxf8+ Kxf8 31. Re1 Bc3 32. Re4 Re8 33. Rxe8+ Kxe8 34. Kf1 Kf7 35. Ke2 Kf6 36. f4 Kf5 37. Kf3 h5 38. h3 g6 39. g4+ Kf6 40. Ke4 hxg4 41. hxg4 Kf7 42. c5 Kf6 43. cxd6 cxd6 44. Kf3 Kf7 45. Ke3 Kf6 46. Ke4 Ke7 47. f5 Kf6 48. fxg6 Kxg6 49. Nd4 Bxd4 50. Kxd4 Kg5 51. Kc4 Kxg4 52. Kxb4 Kf4 53. Kb3 Ke4 54. Kc4 Ke5 55. Kd3 Kxd5 56. Kc3 Kc5 57. Kd3 Kb5 58. Kd4 Kxa5 59. Kc4 Ka4 60. Kd5 Kb4 61. Kxd6 a5 0-1

[Event "January 2 Early 2024"]
[Site "https://www.chess.com"]
[Date "2024.01.02"]
[Round "2"]
[White "Kambrath, Yannick"]
[Black "Lacasa Diaz, Josep Anton"]
[Result "1-0"]
[Board "175"]
[TimeControl "180+1"]
[WhiteFideId "20632525"]
[BlackFideId "2203375"]
[WhiteElo "2530"]
[BlackElo "2324"]
[WhiteTeam "FRA"]
[BlackTeam "ESP"]
[WhiteClock "0:00:12"]
[BlackClock "0:00:06"]

1. e4 c5 2. Nf3 d6 3. d4 cxd4 4. Nxd4 Nf6 5. Nc3 g6 6. Be3 Nc6 7. f3 Bg7 8. Qd2 O-O 9. O-O-O d5 10. exd5 Nxd5 11. Nxc6 bxc6 12. Bd4 e5 13. Bc5 Re8 14. Ne4 Qc7 15. Bc4 Be6 16. Bb3 Red8 17. Kb1 Nf4 18. Qf2 Bxb3 19. axb3 f5 20. Nc3 Ne6 21. Be3 Nd4 22. f4 c5 23. fxe5 Qxe5 24. Bf4 Qf6 25. Rhe1 Nb5 26. Be5 Nxc3+ 27. Bxc3 Qc6 28. Bxg7 Kxg7 29. Re7+ Kg8 30. Rde1 c4 31. Qh4 h5 32. R1e6 Rd1+ 33. Ka2 cxb3+ 34. cxb3 Qxg2 35. Qf6 Rc8 36. Qg7# 1-0

[Event "January 2 Early 2024"]
[Site "https://www.chess.com"]
[Date "2024.01.02"]
[Round "2"]
[White "Ljukin, Sergei"]
[Black "Harriott, Tyrell"]
[Result "1/2-1/2"]
[Board "176"]
[TimeControl "180+1"]
[WhiteFideId "14102200"]
[BlackFideId "2086484"]
[WhiteElo "2527"]
[BlackElo "2322"]
[WhiteTeam "UKR"]
[BlackTeam "USA"]
[WhiteClock "0:00:13"]
[BlackClock "0:00:32"]

1. e4 d5 2. exd5 Nf6 3. d4 Qxd5 4. Nc3 Qd6 5. Nf3 a6 6. g3 Nc6 7. Bg2 Bg4 8. h3 Bh5 9. g4 Bg6 10. Be3 O-O-O 11. Qe2 Qb4 12. O-O-O e6 13. Ne5 Nxe5 14. dxe5 Nd7 15. f4 Qa5 16. Qf3 c6 17. Kb1 Bb4 18. Ne4 Bxe4 19. Qxe4 Nc5 20. Qc4 b5 21. Qe2 Na4 22. Qf3 Rd5 23. Bc1 Rhd8 24. Qe2 Rxd1 25. Rxd1 Rxd1 26. Qxd1 Qb6 27. Qd3 g6 28. f5 Qg1 29. Bxc6 Kc7 30. Bf3 Nb6 31. Qe4 Nd5 32. Qd3 Nb6 33. a3 Bc5 34. Qc3 Nc4 35. b3 Bxa3 36. bxc4 Bxc1 37. cxb5+ Kd8 38. Qd3+ Kc8 39. Qc4+ Kd8 40. Qd3+ Kc8 41. Ka2 Bg5 42. Qc4+ Kd8 43. bxa6 Qb6 44. Bc6 Qa5+ 45. Qa4 Qxa4+ 46. Bxa4 Kc7 47. Bb3 exf5 48. Bxf7 fxg4 49. hxg4 Bf4 50. e6 Bd6 51. Be8 Kb6 52. Bb5 Ka5 53. Kb3 h5 54. gxh5 gxh5 55. Kc4 h4 56. Kd5 Be7 57. Ke5 h3 58. Kf5 h2 59. Bc6 Kxa6 60. Kg6 Kb6 61. Bh1 Kc5 62. Kf7 Bd6 63. e7 Bxe7 64. Kxe7 Kc4 65. Kf6 Kc3 66. Kg5 Kxc2 67. Kh4 Kd2 68. Kg3 Ke1 69. Kxh2 1/2-1/2

[Event "January 2 Early 2024"]
[Site "https://www.chess.com"]
[Date "2024.01.02"]
[Round "2"]
[White "Rietze, Clemens, Dr."]
[Black "Ankerst, Mihael"]
[Result "0-1"]
[Board "177"]
[TimeControl "180+1"]
[WhiteFideId "24620351"]
[BlackFideId "14602369"]
[WhiteElo "2526"]
[BlackElo "2315"]
[WhiteTeam "GER"]
[BlackTeam "SLO"]
[WhiteClock "0:00:00"]
[BlackClock "0:00:25"]

1. d4 Nf6 2. c4 g6 3. Nf3 d6 4. g3 Bg7 5. Bg2 O-O 6. O-O Nbd7 7. Nc3 e5 8. Qc2 c6 9. Rd1 Qe7 10. e4 Nb6 11. b3 Bg4 12. Be3 exd4 13. Bxd4 Rfe8 14. h3 Bxf3 15. Bxf3 Nbd7 16. Bg2 a5 17. Re1 Nc5 18. e5 dxe5 19. Bxe5 Rad8 20. Kh2 h5 21. Bf1 Kh7 22. f4 Kg8 23. Kh1 Kh7 24. Kh2 Kg8 25. a3 Kh7 26. b4 axb4 27. axb4 Na6 28. b5 Nc5 29. b6 Ra8 30. Ra7 Nfd7 31. Rea1 Nxe5 32. fxe5 Rab8 33. Re1 Bxe5 34. Kh1 Qg5 35. Ne2 Bxg3 36. Rd1 Bf2 37. Ra3 Ne4 38. Kh2 Rbd8 39. Rf3 Qe5+ 0-1

[Event "January 2 Early 2024"]
[Site "https://www.chess.com"]
[Date "2024.01.02"]
[Round "2"]
[White "Kornyukov, Alexey"]
[Black "Onufrienko, Vladislav"]
[Result "0-1"]
[Board "178"]
[TimeControl "180+1"]
[WhiteFideId "4150457"]
[BlackFideId "13804332"]
[WhiteElo "2315"]
[BlackElo "2526"]
[WhiteTeam "RUS"]
[BlackTeam "KGZ"]
[WhiteClock "0:00:06"]
[BlackClock "0:00:54"]

1. e4 Nf6 2. e5 Nd5 3. d4 d6 4. c4 Nb6 5. exd6 exd6 6. Nc3 Be7 7. Nf3 O-O 8. Bd3 Bg4 9. O-O Nc6 10. Be3 Bf6 11. Be2 Re8 12. b3 Bh5 13. Rc1 h6 14. Re1 d5 15. c5 Nc8 16. h3 N8e7 17. Nh2 Bxe2 18. Nxe2 Nf5 19. Nf3 Nxe3 20. fxe3 Rxe3 21. Qd2 Qe7 22. Nf4 Rxe1+ 23. Rxe1 Qd7 24. Ne5 Bxe5 25. dxe5 Ne7 26. Rd1 c6 27. Re1 Re8 28. Qf2 Qf5 29. Qg3 d4 30. e6 Rf8 31. b4 Nd5 32. exf7+ Qxf7 33. Ng6 Re8 34. Rf1 Qe6 35. h4 Qe3+ 36. Kh2 Qxg3+ 37. Kxg3 Nf6 38. Rd1 Re4 39. Nf4 Re3+ 40. Kf2 Ne4+ 41. Kg1 g5 42. hxg5 hxg5 43. Nh3 d3 44. Nf2 d2 45. Nxe4 Re1+ 0-1

[Event "January 2 Early 2024"]
[Site "https://www.chess.com"]
[Date "2024.01.02"]
[Round "2"]
[White "Kochiev, Ivan"]
[Black "Limontaite, Simona"]
[Result "1-0"]
[Board "179"]
[TimeControl "180+1"]
[WhiteFideId "2917890"]
[BlackFideId "12802506"]
[WhiteElo "2525"]
[BlackElo "2312"]
[WhiteTeam "BUL"]
[BlackTeam "LTU"]
[WhiteClock "0:01:07"]
[BlackClock "0:00:00"]

1. e4 c5 2. Nf3 Nc6 3. d4 cxd4 4. Nxd4 Nf6 5. Nc3 e5 6. Ndb5 d6 7. Bg5 a6 8. Na3 b5 9. Nd5 Be7 10. Bxf6 Bxf6 11. c4 b4 12. Nc2 Qa5 13. Qd2 Rb8 14. b3 O-O 15. Be2 Qc5 16. O-O Bd8 17. Rad1 f5 18. exf5 Bxf5 19. Nde3 Bxc2 20. Nxc2 Be7 21. Bf3 Kh8 22. Bxc6 Qxc6 23. Ne3 Bg5 24. Qxd6 Qe4 25. Qd3 Qh4 26. Nd5 Rbd8 27. Rde1 Bf6 28. Qe4 Qh5 29. Nxb4 a5 30. Nd5 Rd6 31. Re3 1-0

[Event "January 2 Early 2024"]
[Site "https://www.chess.com"]
[Date "2024.01.02"]
[Round "2"]
[White "Pogorelskikh, Sofia"]
[Black "Bodnar, Nikolay"]
[Result "0-1"]
[Board "180"]
[TimeControl "180+1"]
[WhiteFideId "44164548"]
[BlackFideId "14106469"]
[WhiteElo "2311"]
[BlackElo "2523"]
[WhiteTeam "SRB"]
[BlackTeam "UKR"]
[WhiteClock "0:00:00"]
[BlackClock "0:00:11"]

1. e4 c5 2. Nf3 Nc6 3. d4 cxd4 4. Nxd4 Qc7 5. Nc3 Nf6 6. g3 Nxe4 7. Nxe4 Qe5 8. Bg2 Qxd4 9. Qe2 e6 10. O-O Be7 11. Bf4 O-O 12. c3 Qb6 13. Nd6 e5 14. Be3 Qc7 15. Nf5 d6 16. Nxe7+ Qxe7 17. Rad1 Be6 18. c4 f5 19. Bd5 Bxd5 20. cxd5 Nd8 21. f3 Nf7 22. Rc1 f4 23. Bf2 fxg3 24. hxg3 Nh6 25. Kg2 Nf5 26. Qe4 Qg5 27. Rc7 b6 28. Rfc1 h5 29. R1c4 Rf6 30. Rc8+ Rxc8 31. Rxc8+ Rf8 32. Rxf8+ Kxf8 33. Qc4 h4 34. Qc8+ Kf7 35. Qe6+ Kf8 36. Qc8+ Ke7 37. Qe6+ Kd8 38. g4 h3+ 39. Kxh3 Qh6+ 40. Kg2 Qxe6 41. dxe6 Ne7 42. Bh4 Ke8 43. Kf2 Ng6 44. Bg5 Nf8 45. e7 Ng6 46. Ke3 Nxe7 47. Ke4 Kd7 48. f4 exf4 49. Bxf4 Ke6 50. Be3 Nc6 51. Kd3 d5 52. Bf4 Ne5+ 53. Kd4 Nxg4 54. b4 Nf6 55. a4 Nd7 56. b5 g6 57. Bg3 Nc5 58. Bb8 Nxa4 59. Bxa7 g5 60. Bb8 g4 61. Bc7 Kd7 62. Bg3 Ke6 63. Bc7 Nb2 64. Bxb6 g3 65. Bc7 g2 66. Bh2 Na4 67. Ke3 Kf5 68. Kd4 Nb6 69. Ke3 Ke6 70. Kf2 d4 71. Kxg2 Kd5 72. Bf4 Kc5 73. Kf3 Kxb5 74. Ke4 Kc4 75. Bg5 Nd5 76. Bh6 d3 77. Bg5 Nc3+ 78. Kf3 Kb3 79. Ke3 Kc2 80. Kf2 Ne4+ 81. Ke1 Nxg5 0-1

[Event "January 2 Early 2024"]
[Site "https://www.chess.com"]
[Date "2024.01.02"]
[Round "2"]
[White "Gajwa Ankit"]
[Black "xakevicius91"]
[Result "1-0"]
[Board "181"]
[TimeControl "180+1"]
[WhiteFideId "5077834"]
[WhiteElo "2310"]
[BlackElo "2522"]
[WhiteTeam "IND"]
[WhiteClock "0:01:16"]
[BlackClock "0:00:07"]

1. e4 c5 2. Nf3 a6 3. c4 Nc6 4. d4 cxd4 5. Nxd4 e5 6. Nc2 Nf6 7. Nc3 Bc5 8. Be2 O-O 9. O-O d6 10. Be3 Be6 11. Bxc5 dxc5 12. Nd5 Nd4 13. Nxd4 cxd4 14. Bd3 Bxd5 15. cxd5 Qd6 16. Qb3 Nd7 17. Rfc1 Rac8 18. Be2 b5 19. a4 Nc5 20. Qh3 bxa4 21. Rxa4 Rb8 22. Ra5 Nb3 23. Rxa6 Qxa6 24. Bxa6 Nxc1 25. g3 Rb6 26. Qf1 Nb3 27. Bd3 Nc5 28. Bc4 Rxb2 29. Qc1 Rb6 30. d6 Rxd6 31. Bd5 Rc8 32. Kg2 g6 33. h4 h5 34. f4 exf4 35. gxf4 Kg7 36. Qb2 Ne6 37. Bxe6 fxe6 38. Qb7+ Kg8 39. Qxc8+ Kf7 40. Qc7+ Kf6 41. Qxd6 g5 42. Qf8+ Kg6 43. f5+ 1-0

[Event "January 2 Early 2024"]
[Site "https://www.chess.com"]
[Date "2024.01.02"]
[Round "2"]
[White "Neagu, Roberto Florin"]
[Black "Diaz, Fernando"]
[Result "1-0"]
[Board "182"]
[TimeControl "180+1"]
[WhiteFideId "54588898"]
[BlackFideId "3701255"]
[WhiteElo "2520"]
[BlackElo "2309"]
[WhiteTeam "ESP"]
[BlackTeam "PAR"]
[WhiteClock "0:02:45"]
[BlackClock "0:01:59"]

1. g3 Nf6 2. Bg2 e6 3. Nf3 d5 4. O-O Be7 5. d4 O-O 6. c4 c6 7. cxd5 exd5 8. Nc3 Na6 9. Ne5 Nc7 10. Rb1 Be6 11. b4 a6 12. a4 Nd7 13. b5 axb5 14. Nxd7 Qxd7 15. axb5 Nxb5 16. Nxb5 cxb5 17. Qb3 Ra4 18. Qxb5 Qxb5 19. Rxb5 Rxd4 20. Rxb7 Rc8 21. Rxe7 1-0

[Event "January 2 Early 2024"]
[Site "https://www.chess.com"]
[Date "2024.01.02"]
[Round "2"]
[White "Munoz Sanchez, Miguel"]
[Black "Kabanov, Nikolai"]
[Result "1/2-1/2"]
[Board "183"]
[TimeControl "180+1"]
[WhiteFideId "3600734"]
[BlackFideId "4127820"]
[WhiteElo "2308"]
[BlackElo "2519"]
[WhiteTeam "ECU"]
[BlackTeam "RUS"]
[WhiteClock "0:00:05"]
[BlackClock "0:00:05"]

1. e4 c6 2. c4 d5 3. cxd5 cxd5 4. exd5 Nf6 5. Bb5+ Nbd7 6. Nc3 g6 7. Nf3 Bg7 8. O-O O-O 9. Bxd7 Bxd7 10. Qb3 b5 11. d4 Qb6 12. Re1 b4 13. Ne4 Nxe4 14. Rxe4 Rfe8 15. Bg5 Qd6 16. Rae1 Bf6 17. Bxf6 exf6 18. Rxe8+ Bxe8 19. h3 Rd8 20. Nd2 Kg7 21. Ne4 Qxd5 22. Qxb4 Qxd4 23. Qxd4 Rxd4 24. Nxf6 Bc6 25. Ng4 Rd2 26. Rc1 Bd5 27. b4 Rxa2 28. Ne3 Be6 29. Rc7 a6 30. Ra7 Kf6 31. h4 h5 32. g3 Ke5 33. Kg2 Ke4 34. Ra8 Kd3 35. Rb8 Rb2 36. Rb6 Ra2 37. Kf3 Kc3 38. Kg2 Ra4 39. Nd1+ Kd3 40. Ne3 Kc3 41. Nd1+ Kd4 42. Ne3 Bd7 43. Kf3 Bb5 44. Kf4 Rxb4 45. Nc2+ Kc5+ 46. Nxb4 Kxb6 47. Ke5 Bc4 48. Nc2 a5 49. Kd4 Bb3 50. Ne3 Kb5 51. Kc3 Be6 52. f3 Kc5 53. g4 hxg4 54. fxg4 a4 55. h5 gxh5 56. gxh5 f6 57. h6 Bg8 58. Ng4 Bh7 59. Nxf6 Bg6 60. h7 Bxh7 61. Nxh7 a3 62. Kb3 a2 63. Kxa2 1/2-1/2

[Event "January 2 Early 2024"]
[Site "https://www.chess.com"]
[Date "2024.01.02"]
[Round "2"]
[White "Shuvalov, Evgenij"]
[Black "Zampronha, Wladimir Camilo"]
[Result "0-1"]
[Board "184"]
[TimeControl "180+1"]
[WhiteFideId "4187237"]
[BlackFideId "2103087"]
[WhiteElo "2515"]
[BlackElo "2306"]
[WhiteTeam "FID"]
[BlackTeam "BRA"]
[WhiteClock "0:00:39"]
[BlackClock "0:00:06"]

1. d4 Nf6 2. c4 c5 3. d5 e6 4. Nc3 exd5 5. cxd5 d6 6. e4 g6 7. Bf4 a6 8. Nf3 Bg7 9. e5 dxe5 10. Bxe5 O-O 11. Be2 b5 12. O-O Bb7 13. d6 Nbd7 14. Bg3 b4 15. Na4 Bc6 16. Rc1 Qa5 17. b3 Ne4 18. Bh4 Rfe8 19. Be7 Bxa4 20. bxa4 Nc3 21. Qc2 Qxa4 22. Bc4 Qxc2 23. Rxc2 Bf8 24. Re1 Bxe7 25. dxe7 Kg7 26. Ng5 Kf6 27. Nxh7+ Kg7 28. Ng5 Kf6 29. Nxf7 Rxe7 30. Rxe7 Kxe7 31. f4 a5 32. Rd2 a4 33. Ne5 Nxe5 34. fxe5 Rb8 35. h4 b3 36. axb3 axb3 37. Rb2 Nd1 38. Rxb3 Rb4 39. Rxb4 cxb4 40. g4 Ne3 41. Bb3 Nxg4 42. e6 Nh6 43. Kg2 Nf5 44. Kh3 Nd4 45. Bc4 b3 46. Bd3 Nxe6 47. Bxg6 Nf4+ 48. Kg4 Nxg6 49. h5 b2 50. hxg6 b1=Q 51. Kg5 Kf8 52. Kf6 Kg8 53. Kg5 Qf1 54. Kh6 Qh3+ 55. Kg5 Qg3+ 56. Kf6 Kf8 57. Kf5 Kg7 0-1